 Dungeon Crawl Stone Soup version 0.31-a0-1154-gadca813884 (webtiles) character file.

Game seed: 275835732378135424

1828055 Flugkiller the Shapeless Octopus (level 26, 186/186 HPs)
             Began as an Octopode Shapeshifter on Dec 7, 2023.
             Was the Champion of Hepliaklqana.
             Escaped with the Orb
             ... and 3 runes!
             The game lasted 01:44:25 (56115 turns).

Flugkiller the Shapeless Octopus (OpSh)            Turns: 56115, Time: 01:44:26

Health: 186/186    AC: 23    Str: 27    XL:     26   Next: 79%
Magic:  25/29      EV: 68    Int: 13    God:    Hepliaklqana [******]
Gold:   5353       SH:  0    Dex: 21    Spells: 25/25 levels left

rFire   + .          .
                       - Unarmed
rCold   + . .        (shield currently unavailable)
rNeg    + . .        l - melded +1 hat
rPois   ∞            V - amulet of Myiwk {rN+ Regen+ Str+5 Dex+4}
rElec   +            v - +5 ring of evasion
rCorr   +            X - ring "Hinoompoikk" {rC+ Will+}
SInv    .            x - ring "Nuxt" {rCorr AC+4 Str+3 Dex-2 Slay+6}
Will    +++..        b - +4 ring of protection
Stlth   +            f - ring of protection from fire
HPRegen 1.31/turn    Q - +5 ring of evasion
MPRegen 0.21/turn    m - ring of willpower
                     A - +5 ring of evasion

%: no passive effects
@: storm-form, flying, studying Hexes
A: cleaving, insubstantial, flying, reduced essence, almost no armour,
amphibious, 8 rings, (camouflage 1), (gelatinous body 1), (nimble swimmer 1),
(tentacles), strong 1, inability to read after injury 1, MP-powered wands
0: Orb of Zot
}: 3/15 runes: decaying, serpentine, silver
a: Blinkbolt, Begin Untransformation, Renounce Religion, Recall Ancestor,
Ancestor Identity, Transference, Idealise


You escaped.
You worshipped Hepliaklqana.
Hepliaklqana was exalted by your worship.
You were a lightning-filled tempest!
You visited 9 branches of the dungeon, and saw 45 of its levels.
You also visited: Gauntlet, Ice Cave and Wizlab.

You collected 7618 gold pieces.
You spent 2265 gold pieces at shops.

Inventory:

Armour
 l - a +1 hat (melded)
   (You found it on level 1 of the Dungeon)
Jewellery
 b - a +4 ring of protection (on tentacle)
   (You bought it in a shop on level 1 of the Vaults)
 c - a ring of protection from cold
   (You took it off a deep elf sorcerer on level 3 of the Vaults)
 f - a ring of protection from fire (on tentacle)
   (You found it on level 3 of the Lair of Beasts)
 i - a ring of see invisible
   (You found it on level 4 of the Realm of Zot)
 m - a ring of willpower (on tentacle)
   (You found it on level 10 of the Dungeon)
 p - a +4 ring of protection
   (You found it on level 10 of the Dungeon)
 v - a +5 ring of evasion (left tentacle)
   (You found it on level 4 of the Dungeon)
 x - the ring "Nuxt" (on tentacle) {rCorr AC+4 Str+3 Dex-2 Slay+6}
   (You found it in a Gauntlet)

   [ring of protection]

   AC+4:      It affects your AC (+4).
   Str+3:     It affects your strength (+3).
   Dex-2:     It affects your dexterity (-2).
   Slay+6:    It affects your accuracy & damage with ranged weapons and melee
   (+6).
   rCorr:     It protects you from acid and corrosion.
 A - a +5 ring of evasion (on tentacle)
   (You found it on level 2 of the Swamp)
 H - a ring of protection from fire
   (You found it on level 3 of the Depths)
 Q - a +5 ring of evasion (on tentacle)
   (You found it on level 5 of the Lair of Beasts)
 V - the amulet of Myiwk (around neck) {rN+ Regen+ Str+5 Dex+4}
   (You took it off a vault guard on level 5 of the Vaults)

   [amulet of regeneration]

   Str+5:     It affects your strength (+5).
   Dex+4:     It affects your dexterity (+4).
   rN+:       It protects you from negative energy.
   Regen+:    It increases your rate of health regeneration.
 X - the ring "Hinoompoikk" (right tentacle) {rC+ Will+}
   (You found it on level 1 of the Realm of Zot)

   [ring of willpower]

   rC+:       It protects you from cold.
   Will+:     It increases your willpower.
Talismans
 D - a storm talisman (active)
   (You bought it in a shop on level 3 of the Snake Pit)
 O - a dragon-blood talisman
   (You found it on level 5 of the Lair of Beasts)
Wands
 g - a wand of charming (56)
   (You took it off a kobold on level 4 of the Dungeon)
 C - a wand of acid (12)
   (You found it in a Gauntlet)
 E - a wand of digging (16)
   (You found it on level 1 of the Lair of Beasts)
 G - a wand of mindburst (36)
   (You found it on level 2 of the Lair of Beasts)
 R - a wand of roots (32)
   (You found it on level 12 of the Dungeon)
Scrolls
 a - a scroll of revelation
 e - 3 scrolls of silence
 k - 7 scrolls of poison
 o - 9 scrolls of fog
 t - 14 scrolls of teleportation
 y - 8 scrolls of fear
 z - 7 scrolls of blinking
 B - a scroll of butterflies
 L - 5 scrolls of immolation
 N - 14 scrolls of vulnerability
 T - 5 scrolls of torment
Potions
 d - 7 potions of might
 h - a potion of haste
 j - 12 potions of enlightenment
 n - 2 potions of resistance
 q - 21 potions of curing
 u - 5 potions of cancellation
 w - 10 potions of heal wounds
 I - 3 potions of invisibility
 K - 2 potions of ambrosia
 M - 2 potions of berserk rage
 P - 5 potions of mutation
 W - a potion of magic
Miscellaneous
 s - a phantom mirror
   (You found it on level 10 of the Dungeon)
 S - a phial of floods
   (You found it on level 13 of the Dungeon)
 U - a box of beasts
   (You found it on level 2 of the Snake Pit)
 Y - a tin of tremorstones (2/2)
   (You found it on level 3 of the Snake Pit)


   Skills:
 + Level 24.0 Fighting
 - Level 17.9 Dodging
 - Level 2.0 Stealth
 - Level 20.0 Unarmed Combat
 - Level 8.0 Invocations
 - Level 14.0 Evocations
 O Level 27 Shapeshifting


You had 25 spell levels left.
You didn't know any spells.
Your spell library contained the following spells:

 Spells                   Type           Power      Damage    Failure   Level
 Magic Dart               Conj           0%         1d3       30%         1
 Necrotise                Necr           0%         1d4       30%         1
 Sandblast                Erth           0%         2d4       30%         1
 Slow                     Hex            0%         N/A       30%         1
 Sting                    Tmut/Pois      0%         1d3       30%         1
 Summon Small Mammal      Summ           0%         N/A       30%         1
 Blink                    Tloc           0%         N/A       43%         2
 Call Imp                 Summ           0%         N/A       43%         2
 Cigotuvi's Dreadful Rot  Necr/Pois/Air  0%         N/A       43%         2
 Lesser Beckoning         Tloc           0%         N/A       43%         2
 Momentum Strike          Conj/Tloc      0%         3d8       43%         2
 Passwall                 Tmut/Erth      0%         N/A       43%         2
 Poisonous Vapours        Pois/Air       0%         N/A       43%         2
 Scorch                   Fire           0%         2d5       43%         2
 Wereblood                Tmut           0%         N/A       43%         2
 Call Canine Familiar     Summ           0%         N/A       67%         3
 Confusing Touch          Hex            0%         N/A       67%         3
 Dazzling Flash           Conj/Hex       0%         N/A       67%         3
 Gell's Gravitas          Tloc           0%         N/A       67%         3
 Mephitic Cloud           Conj/Pois/Air  0%         N/A       67%         3
 Ozocubu's Armour         Ice            0%         N/A       67%         3
 Sigil of Binding         Hex            0%         N/A       67%         3
 Stone Arrow              Conj/Erth      0%         3d7       67%         3
 Summon Guardian Golem    Hex/Summ       0%         N/A       67%         3
 Teleport Other           Tloc           0%         N/A       67%         3
 Tukima's Dance           Hex            0%         N/A       67%         3
 Vampiric Draining        Necr           0%         2d6       67%         3
 Volatile Blastmotes      Fire/Tloc      0%         2d10      67%         3
 Brom's Barrelling Bould  Conj/Erth      0%         2d3       97%         4
 Cause Fear               Hex            0%         N/A       97%         4
 Dimensional Bullseye     Hex/Tloc       0%         N/A       97%         4
 Dispel Undead            Necr           0%         3d6       97%         4
 Flame Wave               Conj/Fire      0%         2d4       97%         4
 Leda's Liquefaction      Hex/Erth       0%         N/A       97%         4
 Manifold Assault         Tloc           0%         N/A       97%         4
 Olgreb's Toxic Radiance  Pois           0%         N/A       97%         4
 Passage of Golubria      Tloc           0%         N/A       97%         4
 Summon Ice Beast         Ice/Summ       0%         N/A       97%         4
 Vhi's Electric Charge    Tloc/Air       0%         N/A       97%         4
 Agony                    Necr           0%         N/A       100%        5
 Arcjolt                  Conj/Air       0%         1d10      100%        5
 Irradiate                Conj/Tmut      0%         3d11      100%        5
 Metabolic Englaciation   Hex/Ice        0%         N/A       100%        5
 Silence                  Hex/Air        0%         N/A       100%        5
 Summon Mana Viper        Hex/Summ       0%         N/A       100%        5
 Yara's Violent Unravell  Hex/Tmut       0%         3d3       100%        5
 Death Channel            Necr           0%         N/A       100%        6
 Dispersal                Tloc           0%         N/A       100%        6
 Starburst                Conj/Fire      0%         6d3       100%        6
 Summon Cactus Giant      Summ           0%         N/A       100%        6
 Haunt                    Necr/Summ      0%         N/A       100%        7
 Monstrous Menagerie      Summ           0%         N/A       100%        7
 Orb of Destruction       Conj           0%         9d5       100%        7
 Ozocubu's Refrigeration  Ice            0%         4d7       100%        7
 Spellforged Servitor     Conj/Summ      0%         N/A       100%        7
 Summon Hydra             Summ           0%         N/A       100%        7
 Borgnjor's Revivificati  Necr           0%         N/A       100%        8
 Disjunction              Tloc           0%         N/A       100%        8
 Lehudib's Crystal Spear  Conj/Erth      0%         10d2      100%        8
 Maxwell's Capacitive Co  Air            0%         ∞         100%        8
 Death's Door             Necr           0%         N/A       100%        9
 Sublimation of Blood     Necr           Unusable   N/A       N/A         2

Dungeon Overview and Level Annotations

Branches:
Dungeon (15/15)            Temple (1/1) D:5            Lair (5/5) D:10
  Swamp (4/4) Lair:3        Snake (4/4) Lair:3        Slime (0/5) Lair:4
    Orc (2/2) D:10            Elf (0/3) Orc:2        Vaults (5/5) D:13
  Crypt (0/3) Vaults:2     Depths (4/4) D:15            Zot (5/5) Depths:4
  IceCv (visited)          WizLab (visited)         Gauntlet (visited)

Altars:
Ashenzari
Cheibriados
Dithmenos
Elyvilon
Fedhas
Gozag
Hepliaklqana
Kikubaaqudgha
Makhleb
Nemelex Xobeh
Okawaru
Qazlal
Ru
Sif Muna
Trog
Uskayaw
Vehumet
Wu Jian
Xom
Yredelemnul
Zin
The Shining One
Lugonu

Shops:
Orc:1 :(   Orc:2 ?[:(   Snake:3 =   Snake:4 :((((   Vaults:1 =   Vaults:4 ?
Depths:1 =:=[   Depths:2 *   Depths:3 =

Portals:
Hell: Depths:1 Depths:2 Depths:3 Depths:4
Abyss: Depths:2 Depths:3 Depths:4
Pandemonium: Depths:2 Depths:3
Ziggurat: Depths:4

Annotations:
D:10 1 runed translucent door
D:12 3 runed translucent doors, Cooqonn's ghost, journeyman DsVM
Depths:2 the Enchantress
Zot:5 exclusion: obsidian statue


Innate Abilities, Weirdness & Mutations

You are a lightning-filled tempest!
Your electrical attacks strike out in all directions at once.
You are incredibly evasive.
Your insubstantial body is immune to petrification, constriction, and being set on fire You are flying.
Your armour is entirely melded.
You are incapable of wielding weapons or throwing items.
Your life essence is reduced to manifest your ancestor. (-10% HP)
You cannot wear most types of armour.
You are amphibious.
You can wear up to eight rings at the same time.
You are immune to poison.
((Your skin changes colour to match your surroundings (Stealth+).))
((Your rubbery body absorbs attacks. (AC +1, EV +1)))
((You are camouflaged when in or above water. (Stealth+)))
((You have tentacles for arms and can constrict up to eight enemies at once.))
Your muscles are strong. (Str +4, Int/Dex -1)
You occasionally lose the ability to read scrolls when taking damage.
You expend magic power (3 MP) to strengthen your wands.


Message History

There is a stone staircase leading up here.
You fly upwards.
Level annotation: 3 runed translucent doors, Cooqonn's ghost, journeyman DsVM
There is a stone staircase leading down here.
There is an open door here.
There is a stone staircase leading up here.
You fly upwards.
There is a stone staircase leading down here.
An Orb Guardian comes into view.
You closely miss the Orb Guardian. You closely miss the Orb Guardian.
The Orb Guardian hits you!!
You blast the Orb Guardian!!!
The Orb Guardian is severely wounded.
The Orb Guardian completely misses you.
You blast the Orb Guardian!!!!
You kill the Orb Guardian!
No target in view!
There is an open door here.
A balrug and 2 sun demons come into view.
The balrug shouts!
The sun demon shouts! x2
A sun demon comes into view.
The sun demon shouts!
Unknown command.
There is a stone staircase leading up here.
The sun demon misses you. The sun demon completely misses you.
You fly upwards.
Level annotation: 1 runed translucent door
There is a stone staircase leading down here.
You blast the sun demon!!!!
You kill the sun demon!
No target in view!
No target in view!
A shadow demon comes into view.
The shadow demon moves out of view.
There is a stone staircase leading up here.
You fly upwards.
There is a stone staircase leading down here.
You see here a +0 dagger.
Lici is recalled.
Unknown command.
What level of the Dungeon? (default 1, ? - help)
There is a stone staircase leading up, spattered with blood here.
You fly upwards.
There is a stone staircase leading down here.
Magic restored.
Things that are here:
a +0 scale mail; a +0 club
There is a stone staircase leading up here.
You fly upwards.
There is a stone staircase leading down here.
You see here +0 acid dragon scales.
There is an escape hatch in the ceiling here.
A mysterious force pulls you upwards. The hatch slams shut behind you.
There is a stone staircase leading up here.
You fly upwards.
There is a stone staircase leading down here.
There is a stone staircase leading up here.
You fly upwards.
There is a stone staircase leading down here.
There is a stone staircase leading up here.
You fly upwards.
There is a stone staircase leading down here.
There is a stone staircase leading up here.
You fly upwards.
There is a stone staircase leading down here.
You swap places.
An Orb Guardian comes into view.
Okay, then.
Lici casts a spell.
Lici seems to speed up.
Lici casts a spell at the Orb Guardian.
The crystal spear hits the Orb Guardian!!
The Orb Guardian hits you!!
You barely miss the Orb Guardian.
The Orb Guardian is heavily wounded.
Lici points at the Orb Guardian and mumbles some strange words.
The crystal spear hits the Orb Guardian!!!
The Orb Guardian dies!
Your Fighting skill increases to level 24!
No target in view!
No target in view! 2 hell hounds come into view.
The hell hound barks! x2
Unknown command.
Lici barely misses the hell hound.
The hell hound closely misses Lici.
Lici hits the hell hound with a +0 lajatang of freezing!!!
Lici freezes the hell hound!!
The hell hound dies!
There is a stone staircase leading up here.
You fly upwards.
There is a stone staircase leading down here.
Lici is recalled.
HP restored.
Magic restored.
There is an open door here.
There is a staircase leading out of the dungeon here.
Unknown command.
Enter note: gg Hepliaklqana grants Lici healing and protection!
You have escaped!

## #.##
########.##
#vR.......##
#.#.#.####.##
#.#.#|# ##.##
#.#.#.# ##.##
#.#.#.#
##.####
#.#.#.#
##....
#.#.#.# #....
#.#.#.# #....
#.#.#.# #....


You could see the friendly Lici the battlemage (idealised).

Vanquished Creatures
  An orb of fire (Zot:5)
  Mennas (Vaults:3)
  A juggernaut (Depths:3)
  Sojobo (Vaults:5)
  4 Killer Klowns
  2 antique champions (WizLab)
  Bai Suzhen (Swamp:3)
  Saint Roka (Depths:1)
  A caustic shrike (Depths:3)
  Vashnia (Snake:4)
  10 golden dragons
  2 curse toes (Zot:3)
  A bone dragon (Swamp:4)
  Norris (Depths:3)
  2 electric golems (Zot:3)
  2 liches
  A walking earthen tome (Depths:3)
  9 tentacled monstrosities
  A walking frostbound tome (Depths:3)
  9 Orb Guardians
  A titan (Vaults:5)
  4 sphinxes
  4 quicksilver dragons
  2 Executioners
  2 death cobs (Zot:4)
  Kirke (Swamp:1)
  An ancient champion (WizLab)
  12 storm dragons
  Donald (Swamp:1)
  10 draconian monks
  8 shadow dragons
  Aizul (Snake:1)
  4 tengu reavers (Vaults:5)
  8 draconian knights
  10 fire giants
  4 nagarajas
  8 draconian scorchers
  3 iron dragons
  7 frost giants
  A deep elf sorcerer (Vaults:3)
  11 vault wardens
  5 draconian shifters
  6 draconian annihilators
  A ghost moth (Zot:4)
  2 balrugs
  A cacodemon (Depths:3)
  An orc warlord (Orc:2)
  A spriggan defender (Depths:2)
  A ghoul (Vaults:2)
  3 war gargoyles
  A draconian stormcaller (Zot:1)
  17 ironbound preservers
  10 green draconians
  A formless jellyfish (Vaults:4)
  20 very ugly things
  8 ironbound thunderhulks
  3 vampire knights
  2 eleionomae (Swamp:3)
  3 juggernaut skeletons (WizLab)
  A deep elf demonologist (Vaults:5)
  6 stone giants
  16 black draconians
  14 red draconians
  25 yellow draconians
  6 spark wasps
  2 deep elf annihilators (Vaults:5)
  2 bunyips
  2 dire elephants
  11 white draconians
  10 purple draconians
  2 green deaths
  A shambling mangrove (Swamp:3)
  9 ettins
  A merfolk impaler (Depths:1)
  9 fire dragons
  9 rakshasas
  2 deep elf high priests (Vaults:5)
  3 jiangshi (WizLab)
  3 entropy weavers
  18 yaktaur captains
  8 great orbs of eyes
  4 salamander tyrants (Snake:4)
  7 ice dragons
  3 ghost crabs (Swamp:4)
  Harold (D:10)
  4 peacekeepers
  27 vault guards
  A hell beast (Zot:4)
  A juggernaut simulacrum (WizLab)
  10 hydras
  An ogre mage (D:15)
  5 spriggan air magi
  12 anacondas
  16 centaur warriors
  The ghost of Dirtsage the Mimic, a journeyman OpSh of Gozag (D:10)
  11 alligators
  12 two-headed ogres
  2 death yaks (Lair:4)
  5 tengu warriors
  2 death knights (Vaults:2)
  5 boulder beetles
  4 deep troll shamans
  8 ironbound frosthearts
  6 deep troll earth magi
  12 naga warriors
  The ghost of flestrin the Zephyrmancer, a journeyman TeAE of Hepliaklqana (D:10)
  16 naga sharpshooters
  An occultist (Depths:3)
  9 shock serpents
  23 hell knights
  A storm dragon zombie (WizLab)
  2 spriggan berserkers
  4 skysharks
  A sun demon (D:10)
  5 iron trolls
  10 skeletal warriors
  A shadow wraith (Vaults:3)
  3 goliath frogs
  4 glowing orange brains (Depths:3)
  5 salamander mystics
  A sixfirhy (Gauntlet)
  3 spriggan druids
  A sea snake (Snake:1)
  42 deep trolls
  A deep troll (shapeshifter) (Vaults:5)
  A flayed ghost (Depths:3)
  2 swamp dragons
  2 alligator zombies (Swamp:4)
  7 phantasmal warriors
  An orc knight (Orc:2)
  A tengu zombie (Depths:2)
  5 naga ritualists
  17 ironbound convokers
  7 arcanists
  A steelbarb worm (shapeshifter) (Vaults:5)
  8 necromancers
  9 lindwurms
  7 bog bodies
  A large abomination (Depths:1)
  3 harpies
  A deep elf pyromancer (D:13)
  19 mana vipers
  36 ugly things
  4 manticores
  A salamander (shapeshifter) (Vaults:5)
  6 orc sorcerers
  A fire giant zombie (Depths:2)
  15 moths of wrath
  2 will-o-the-wisps
  A kobold blastminer (Orc:1)
  16 slime creatures
  7 elephants
  17 salamanders
  A cyclops (D:13)
  A fire giant skeleton (Depths:2)
  A smoke demon (Depths:3)
  A gargoyle (D:12)
  13 vault sentinels
  26 black mambas
  6 guardian serpents
  Maggie (D:6)
  2 orange demons
  2 water nymphs (shapeshifter)
  10 naga magi
  12 cane toads
  A yaktaur (shapeshifter) (D:12)
  6 komodo dragons
  6 tengu conjurers
  An efreet (D:13)
  22 yaktaurs
  4 swamp worm zombies (Swamp:4)
  2 hydra zombies (Swamp:4)
  5 trolls
  7 tyrant leeches
  A golden dragon simulacrum (Depths:2)
  A meliai (D:14)
  A polar bear (shapeshifter) (D:14)
  3 polar bears (Lair:5)
  20 hornets
  2 spectral swamp dragons (Swamp:4)
  13 blink frogs
  An ettin zombie (WizLab)
  A glass eye (Depths:4)
  2 spriggan skeletons (Depths:2)
  A culicivora (Vaults:3)
  19 spriggans
  A shadow (D:12)
  3 vampires
  3 water elementals (Depths:1)
  35 yaks
  2 hogs (Swamp:1)
  2 wyverns
  A ynoxinul (Depths:1)
  A wraith (D:9)
  A fire bat (Lair:1)
  3 basilisks
  7 humans (Zot:2)
  9 vampire mosquitoes
  Menkaure (D:6)
  2 steam dragons
  A chaos spawn (Depths:4)
  5 redbacks (Vaults:4)
  2 glowing shapeshifter zombies (Depths:2)
  8 swamp worms
  A two-headed ogre zombie (WizLab)
  31 nagas
  2 wargs (Orc:2)
  An acid dragon (D:9)
  A deep troll zombie (WizLab)
  11 water moccasins
  A hydra simulacrum (Swamp:2)
  A glowing shapeshifter skeleton (Depths:2)
  3 black bears
  15 orc warriors
  A swamp drake (Swamp:4)
  2 ice beasts
  3 sky beasts
  2 swamp dragon zombies (Swamp:4)
  18 wolves
  6 centaurs
  3 boggarts
  17 ogres
  A kobold brigand (D:9)
  2 phantoms (Swamp:4)
  8 bullfrogs
  A cyclops zombie (WizLab)
  2 gnoll sergeants
  3 scorpions
  2 electric eels
  3 howler monkeys
  A jelly (D:7)
  17 orc priests
  6 hounds
  2 iguanas
  12 orc wizards
  2 spectral swamp drakes (Swamp:4)
  A hell rat (Lair:2)
  2 polar bear simulacra (Lair:4)
  2 yak simulacra (Lair:4)
  A wolf simulacrum (Lair:4)
  An ogre zombie (Orc:1)
  8 gnolls
  4 river rats
  A swamp drake zombie (Swamp:4)
  9 adders
  A shadow imp (D:6)
  A white imp (D:6)
  3 ufetubi
  4 worms
  2 dart slugs
  51 orcs
  8 ball pythons
  10 endoplasms
  3 giant cockroaches
  8 goblins
  8 hobgoblins
  5 kobolds
  4 quokkas
  6 bats
  5 frilled lizards
  5 rats
  A river rat simulacrum (Lair:4)
1510 creatures vanquished.

Vanquished Creatures (collateral kills)
  2 dread liches
  2 golden dragons
  An electric golem (Zot:1)
  8 tentacled monstrosities
  5 Orb Guardians
  A walking earthen tome (Depths:3)
  A quicksilver dragon (Zot:1)
  A lich (WizLab)
  A sphinx (Vaults:5)
  A death cob (Zot:1)
  2 acid blobs (Zot:1)
  2 storm dragons (Zot:3)
  A thorn hunter (Depths:2)
  4 tengu reavers
  A shadow dragon (Vaults:5)
  A draconian knight (Zot:3)
  An iron dragon (Vaults:5)
  A deep elf sorcerer (Vaults:4)
  4 fire giants
  3 draconian scorchers
  2 ghouls (WizLab)
  A vault warden (Vaults:4)
  A draconian stormcaller (Zot:1)
  3 ironbound preservers
  2 stone giants
  5 very ugly things
  A war gargoyle (Vaults:4)
  A draconian annihilator (Zot:3)
  A vampire knight (WizLab)
  2 ironbound thunderhulks
  2 green draconians
  3 yellow draconians
  2 black draconians
  2 dire elephants (Vaults:1)
  2 spark wasps (Depths:4)
  A bunyip (Swamp:4)
  A purple draconian (Zot:1)
  A fire dragon (Depths:3)
  2 jiangshi (WizLab)
  An entropy weaver (Vaults:4)
  An ettin (Vaults:5)
  A merfolk impaler (Depths:1)
  2 deep elf high priests
  4 yaktaur captains
  The ghost of Sermion the Severer, a journeyman HOBe of Trog (D:10)
  Erolcha (D:11)
  A great orb of eyes (D:13)
  3 ogre magi
  2 hydras
  An ice dragon (Swamp:2)
  3 rakshasas
  4 alligators
  3 ghost crabs
  5 vault guards (Vaults:5)
  A juggernaut simulacrum (WizLab)
  A spriggan air mage (Depths:1)
  2 centaur warriors (D:14)
  2 ironbound frosthearts
  7 two-headed ogres
  A deep troll shaman (Depths:3)
  3 naga warriors
  3 deep troll earth magi
  A tengu warrior (D:15)
  Urug (Lair:3)
  An occultist (Depths:1)
  5 hell knights
  2 skysharks
  7 naga sharpshooters
  2 iron trolls
  2 sea snakes (Snake:1)
  A spriggan druid (Swamp:3)
  A skeletal warrior (D:13)
  A deep troll (shapeshifter) (Vaults:5)
  A flayed ghost (Depths:3)
  6 deep trolls
  2 swamp dragons
  5 arcanists
  2 bog bodies
  5 ironbound convokers
  2 phantasmal warriors
  5 lindwurms
  A harpy (Vaults:4)
  3 necromancers
  3 mana vipers
  2 alligator zombies (Swamp:4)
  5 orc sorcerers (Orc:2)
  8 ugly things
  3 cyclopes
  A faun (shapeshifter) (Vaults:5)
  6 elephants
  4 salamanders
  7 vault sentinels
  2 will-o-the-wisps (Swamp:2)
  A kobold blastminer (Orc:2)
  3 naga magi
  7 black mambas
  A torpor snail (Lair:4)
  An eye of devastation (shapeshifter) (Depths:2)
  A guardian serpent (Snake:2)
  4 unseen horrors
  A yaktaur (shapeshifter) (Vaults:5)
  3 cane toads
  A komodo dragon (shapeshifter) (Depths:1)
  A freezing wraith (Vaults:5)
  A rime drake (shapeshifter) (D:14)
  A komodo dragon (Lair:2)
  7 yaktaurs
  2 tengu conjurers
  A troll (D:12)
  A hydra zombie (Swamp:4)
  A bloated husk (Swamp:3)
  A tyrant leech (Swamp:3)
  2 meliai (D:14)
  5 blink frogs
  5 hornets
  A spectral swamp dragon (Swamp:4)
  A shadow (D:12)
  2 centaur simulacra (Gauntlet)
  4 slime creatures
  5 basilisks
  18 yaks
  6 spriggans
  A wraith (D:14)
  2 humans (Zot:2)
  2 wyverns
  2 water elementals (Depths:1)
  A steam dragon (D:7)
  7 vampire mosquitoes
  2 fire bats (Lair:1)
  A redback (Vaults:4)
  2 wargs (D:10)
  10 nagas
  7 swamp worms
  A hell hound (D:2)
  2 acid dragons
  A deep troll skeleton (WizLab)
  8 water moccasins
  A two-headed ogre skeleton (WizLab)
  An ice dragon simulacrum (Gauntlet)
  3 orc warriors
  2 black bears (Lair:5)
  2 swamp dragon zombies
  13 wolves
  15 ogres
  4 boggarts
  3 centaurs (D:14)
  6 phantoms (Swamp:4)
  3 bullfrogs
  A scorpion (D:4)
  A swamp dragon simulacrum (WizLab)
  2 electric eels (Snake:1)
  3 orc priests
  21 orc wizards
  2 yak simulacra (Lair:4)
  2 hell rats (Lair:2)
  A polar bear simulacrum (Lair:4)
  6 gnolls
  2 river rats (Lair:2)
  2 swamp drake zombies (Swamp:4)
  A shadow imp (Gauntlet)
  An ufetubus (Gauntlet)
  26 orcs
  2 kobolds (D:9)
  2 rats (Lair:2)
  2 river rat simulacra (Lair:4)
495 creatures vanquished.

Vanquished Creatures (others)
  A draconian stormcaller (Zot:1)
  An ironbound preserver (Vaults:4)
  A wolf spider (Lair:3)
  A will-o-the-wisp (Swamp:4)
  A moth of wrath (Zot:1)
  A yaktaur (Vaults:5)
  7 bloated husks
  A spriggan (Swamp:4)
  2 humans (Swamp:1)
  A meliai simulacrum (Gauntlet)
  A swamp dragon zombie (Swamp:4)
  A gnoll sergeant (D:8)
  2 orc wizards (Orc:2)
  51 battlemagi
  14 ancestors
  18 foxfires
104 creatures vanquished.

Grand Total: 2109 creatures vanquished

Notes
Turn   | Place    | Note
-------+----------+-------------------------------------------
     0 | D:1      | Flugkiller the Octopode Shapeshifter began the quest for
                  | the Orb.
     0 | D:1      | Reached XP level 1. HP: 13/13 MP: 1/1
   219 | D:1      | Reached XP level 2. HP: 15/19 MP: 2/2
   242 | D:1      | Reached skill level 1 in Stealth
   742 | D:2      | Reached XP level 3. HP: 24/24 MP: 3/3
  1366 | D:2      | Reached XP level 4. HP: 28/29 MP: 4/4
  1518 | D:3      | Found a burning altar of Makhleb.
  2515 | D:4      | Reached XP level 5. HP: 29/34 MP: 5/5
  2592 | D:4      | Noticed a sky beast
  2598 | D:4      | Reached skill level 4 in Shapeshifting
  2977 | D:4      | Found a stormy altar of Qazlal.
  2999 | D:4      | Identified the +0 ring mail "Kyongok" {rElec rC+ MP+9
                  | Str-2}
  3489 | D:5      | Entered Level 5 of the Dungeon
  3489 | D:5      | Found a bloodstained altar of Trog.
  3585 | D:5      | Noticed a troll
  3755 | D:5      | Found a staircase to the Ecumenical Temple.
  3786 | Temple   | Entered the Ecumenical Temple
  3792 | Temple   | Became a worshipper of Hepliaklqana the Forgotten
  3915 | D:5      | Reached XP level 6. HP: 40/42 MP: 6/6
  3985 | D:5      | Reached skill level 5 in Shapeshifting
  4555 | D:6      | Noticed a sky beast
  4573 | D:6      | Noticed Maggie
  4576 | D:6      | Noticed a steam dragon
  4593 | D:5      | Reached XP level 7. HP: 46/46 MP: 7/7
  4600 | D:5      | Reached skill level 6 in Shapeshifting
  5061 | D:6      | Reached skill level 7 in Shapeshifting
  5082 | D:6      | Reached * piety under Hepliaklqana
  5085 | D:6      | Noticed a hornet
  5205 | D:6      | Killed a steam dragon
  5206 | D:6      | Reached skill level 1 in Evocations
  5206 | D:6      | Reached XP level 8. HP: 32/48 MP: 8/8
  5426 | D:6      | Noticed Menkaure
  5434 | D:6      | Killed a hornet
  5436 | D:6      | Killed Menkaure
  5556 | D:6      | Found a blossoming altar of Fedhas.
  6189 | D:7      | Reached skill level 5 in Fighting
  6449 | D:7      | Noticed a komodo dragon
  6679 | D:7      | Found a basalt altar of Yredelemnul.
  6766 | D:8      | Identified the +6 plate armour of the Lily {rElec}
  6822 | D:8      | Reached skill level 5 in Dodging
  6837 | D:8      | Reached XP level 9. HP: 38/54 MP: 9/9
  7011 | D:8      | Found a radiant altar of Vehumet.
  7026 | D:8      | Noticed a two-headed ogre
  7153 | D:8      | Found an ancient bone altar of Kikubaaqudgha.
  7216 | D:8      | Killed an unseen horror
  7342 | D:8      | Noticed an unseen horror
  7345 | D:8      | Killed an unseen horror
  7346 | D:8      | Reached skill level 5 in Unarmed Combat
  7346 | D:8      | Reached skill level 8 in Shapeshifting
  7717 | D:8      | Killed a two-headed ogre
  7718 | D:8      | Reached skill level 9 in Shapeshifting
  7718 | D:8      | Reached XP level 10. HP: 44/61 MP: 10/10
  8135 | D:9      | Noticed an arcanist
  8139 | D:9      | Killed an arcanist
  8777 | D:9      | Found an iron altar of Okawaru.
  8974 | D:10     | Entered Level 10 of the Dungeon
  8979 | D:10     | Identified the +0 rapier "Mud Pie of Death" {flame, *Noise
                  | +Blink Int-3 SInv}
  9302 | D:10     | Noticed Harold
  9310 | D:10     | Noticed an ogre mage
  9310 | D:10     | Noticed a centaur warrior
  9310 | D:10     | Noticed a tengu warrior
  9543 | D:10     | Found a runed translucent gate.
  9543 | D:10     | Found a runed translucent gate.
  9543 | D:10     | Found a runed translucent gate.
  9545 | D:10     | Noticed Sermion's ghost (journeyman HOBe)
  9545 | D:10     | Noticed flestrin's ghost (journeyman TeAE)
  9547 | D:10     | Noticed Dirtsage's ghost (journeyman OpSh)
  9589 | D:10     | Reached ** piety under Hepliaklqana
  9590 | D:10     | Remembered your ancestor Lici as a battlemage
 10383 | D:4      | Found a stormy altar of Qazlal.
 10719 | D:5      | Found a staircase to the Ecumenical Temple.
 10785 | D:5      | Found a bloodstained altar of Trog.
 10820 | D:5      | Reached XP level 11. HP: 69/69 MP: 11/11
 11290 | D:6      | Killed Maggie
 11291 | D:6      | Reached skill level 10 in Shapeshifting
 11785 | D:7      | Found a basalt altar of Yredelemnul.
 12272 | D:9      | Found an iron altar of Okawaru.
 12573 | D:10     | Found a staircase to the Lair.
 12587 | D:10     | Noticed a centaur warrior
 12610 | D:10     | Killed a centaur warrior
 12666 | D:10     | Found a shimmering blue altar of Sif Muna.
 12705 | D:10     | Found a shadowy altar of Dithmenos.
 12735 | D:10     | Reached skill level 10 in Dodging
 12746 | D:10     | Found a staircase to the Orcish Mines.
 12769 | D:10     | Noticed a skyshark
 12770 | D:10     | Found the +2 pair of slick slippers {slick, slippery, EV+4}
 12771 | D:10     | Noticed a skyshark
 12772 | D:10     | Noticed an anaconda
 12784 | D:10     | Noticed an anaconda
 12784 | D:10     | Noticed an anaconda
 12784 | D:10     | Noticed an anaconda
 12796 | D:10     | Found a runed translucent door.
 12806 | D:10     | Killed a tengu warrior
 12917 | D:10     | Killed a centaur warrior
 13110 | D:10     | Noticed a centaur warrior
 13110 | D:10     | Noticed a deep troll
 13156 | D:10     | Killed Harold
 13566 | D:11     | Noticed Erolcha
 13664 | D:11     | Killed Erolcha
 14161 | D:11     | Noticed a cyclops
 14175 | D:11     | Killed a cyclops
 14176 | D:11     | Reached XP level 12. HP: 66/76 MP: 12/12
 14485 | Lair:1   | Entered Level 1 of the Lair of Beasts
 14583 | Lair:1   | Reached *** piety under Hepliaklqana
 14606 | Lair:1   | Found a gate leading to a gauntlet.
 14723 | Gauntlet | Entered a Gauntlet
 14723 | Gauntlet | Found a transporter.
 14723 | Gauntlet | Found a transporter.
 14727 | Gauntlet | Found a transporter.
 14727 | Gauntlet | Found a transporter.
 14734 | Gauntlet | Noticed a hell beast
 14738 | Gauntlet | Found a transporter.
 14745 | Gauntlet | Found a transporter.
 14754 | Gauntlet | Found the +1 robe of Vines {NoPotionHeal Regen++++}
 14755 | Gauntlet | Found a transporter.
 14755 | Gauntlet | Found a transporter.
 14759 | Gauntlet | Noticed a reaper
 14779 | Gauntlet | Found a transporter.
 14786 | Gauntlet | Found a transporter.
 14798 | Gauntlet | Found a transporter.
 14816 | Gauntlet | Found a transporter.
 14861 | Gauntlet | Found a transporter.
 14863 | Gauntlet | Noticed a balrug
 14875 | Gauntlet | Found a transporter.
 14976 | Gauntlet | Found a transporter.
 14978 | Gauntlet | Noticed a blizzard demon
 14992 | Gauntlet | Found a transporter.
 15245 | Gauntlet | Identified the ring "Nuxt" {rCorr AC+4 Str+3 Dex-2 Slay+6}
 15273 | Gauntlet | Identified the ring of Kopsonki {rCorr Int+2 Stlth+}
 15296 | Gauntlet | Identified the ring "Ifisac" {Wiz rN+ Stlth+}
 15296 | Gauntlet | Noticed a minotaur
 15380 | Lair:1   | Reached skill level 10 in Fighting
 15542 | Lair:1   | Reached skill level 10 in Unarmed Combat
 15695 | Lair:1   | Reached skill level 5 in Evocations
 16099 | Lair:2   | Reached **** piety under Hepliaklqana
 16160 | Lair:2   | Reached skill level 1 in Invocations
 16169 | Lair:2   | Identified the +2 long sword of Gocareel {flame, Str+4
                  | Int-5 Dex+4}
 16313 | Lair:2   | Noticed an eight-headed hydra
 16321 | Lair:2   | Killed an eight-headed hydra
 16322 | Lair:2   | Reached XP level 13. HP: 69/82 MP: 13/15
 16366 | Lair:2   | You fall into a shaft and drop 2 floors!
 16428 | Lair:3   | Found a staircase to the Swamp.
 16504 | Lair:3   | Reached skill level 5 in Invocations
 17678 | Lair:3   | Noticed Urug
 17692 | Lair:3   | Killed Urug
 17954 | Lair:3   | Reached ***** piety under Hepliaklqana
 18150 | Lair:3   | Identified the +9 hand axe of Plunder {antimagic, Will+
                  | Str+2}
 18251 | Lair:3   | Found a staircase to the Snake Pit.
 19831 | Lair:4   | Reached skill level 11 in Shapeshifting
 19831 | Lair:4   | Reached XP level 14. HP: 90/90 MP: 20/20
 20309 | Lair:4   | Found a staircase to the Slime Pits.
 20465 | Lair:5   | Entered Level 5 of the Lair of Beasts
 20931 | Lair:5   | Identified the +6 war axe of Evisceration {heavy, rN+ MP+9}
 21208 | Lair:5   | Reached skill level 12 in Shapeshifting
 21649 | Lair:5   | Paralysed by a hornet for 2 turns
 21944 | D:12     | Found a runed translucent gate.
 21944 | D:12     | Found a runed translucent gate.
 21944 | D:12     | Found a runed translucent gate.
 21948 | D:12     | Noticed Cooqonn's ghost (journeyman DsVM)
 22059 | D:12     | Identified a scroll of acquirement
 22060 | D:12     | Acquired a manual of Fighting
 22129 | D:12     | Found a hide-covered altar of Uskayaw.
 22573 | D:12     | Found an iron altar of Okawaru.
 23078 | D:13     | Reached XP level 15. HP: 101/101 MP: 21/21
 23091 | D:13     | Reached skill level 13 in Shapeshifting
 23323 | D:13     | Found a gate to the Vaults.
 23497 | D:13     | You fall into a shaft and drop 1 floor!
 24105 | D:14     | Reached ****** piety under Hepliaklqana
 24220 | D:14     | Reached skill level 14 in Shapeshifting
 24857 | D:15     | Entered Level 15 of the Dungeon
 24883 | D:15     | Found a frozen archway.
 25029 | IceCv    | Entered an ice cave
 25294 | D:15     | Reached skill level 15 in Shapeshifting
 25711 | D:15     | Found a staircase to the Depths.
 26348 | Orc:1    | Entered Level 1 of the Orcish Mines
 26428 | Orc:1    | Reached skill level 15 in Fighting
 26744 | Orc:2    | Entered Level 2 of the Orcish Mines
 26765 | Orc:2    | Reached XP level 16. HP: 97/109 MP: 22/22
 26920 | Orc:2    | Found a staircase to the Elven Halls.
 27044 | Orc:2    | Reached skill level 16 in Shapeshifting
 27427 | Orc:2    | Found a radiant altar of Vehumet.
 27444 | Orc:2    | Found Nitzagif's Antique Weapon Shoppe.
 27459 | Orc:2    | Paralysed by an orc sorcerer for 2 turns
 27470 | Orc:2    | Found an ancient bone altar of Kikubaaqudgha.
 27536 | Orc:2    | Found Uffacuj's Book Shoppe.
 27546 | Orc:2    | Found Sogrob's Antique Armour Emporium.
 27556 | Orc:2    | Paralysed by an orc sorcerer for 5 turns
 27605 | Orc:2    | Found Vaaghed's Magic Scroll Emporium.
 27616 | Orc:2    | Bought a scroll of fog for 68 gold pieces
 28055 | Orc:1    | Found Becoti's Book Shop.
 28055 | Orc:1    | Noticed a walking frostbound tome
 28058 | Orc:1    | Noticed a walking crystal tome
 28089 | Orc:1    | Found Ifisifim's Firing Range.
 28450 | D:10     | Killed Dirtsage's ghost
 28453 | D:10     | Killed flestrin's ghost
 28456 | D:10     | Killed Sermion's ghost
 28591 | Snake:1  | Entered Level 1 of the Snake Pit
 28651 | Snake:1  | Identified the +7 flail "Lorem Ipsum" {pain, rN+ rCorr
                  | Str-3}
 29043 | Snake:1  | Identified the serpent talisman of Abstinence {rC++ rCorr
                  | Dex-5 SInv}
 29043 | Snake:1  | Noticed Aizul
 29050 | Snake:1  | Killed Aizul
 29536 | Snake:2  | Noticed a nagaraja
 29539 | Snake:2  | Killed a nagaraja
 29895 | Snake:2  | Identified the +1 ring mail of the Hippogriff {rPois Str+4}
 30531 | Snake:3  | Reached XP level 17. HP: 120/120 MP: 17/23
 30594 | Snake:3  | Reached skill level 17 in Shapeshifting
 30846 | Snake:3  | Found Mehecvary's Jewellery Shoppe.
 31969 | Snake:4  | Entered Level 4 of the Snake Pit
 32040 | Snake:4  | Noticed Vashnia
 32111 | Snake:4  | Killed Vashnia
 32396 | Snake:4  | Reached skill level 18 in Shapeshifting
 32506 | Snake:4  | Found Wagolotz's Book Emporium.
 32539 | Snake:4  | Found Ymuaruxu's Weapon Boutique.
 32543 | Snake:4  | Found Pistraitt's Antique Weapon Shop.
 32543 | Snake:4  | Found Udoraleezi's Antique Weapon Boutique.
 32619 | Snake:4  | Found Zengatte's Antique Weapon Shop.
 33865 | Snake:4  | Reached skill level 19 in Shapeshifting
 34008 | Snake:4  | Reached XP level 18. HP: 126/126 MP: 24/24
 34563 | Snake:4  | Reached skill level 20 in Shapeshifting
 34569 | Snake:4  | Got a serpentine rune of Zot
 34924 | Swamp:1  | Entered Level 1 of the Swamp
 34953 | Swamp:1  | Noticed Donald
 34962 | Swamp:1  | Killed Donald
 35076 | Swamp:1  | You are sucked into a shaft and drop 1 floor!
 35751 | Swamp:1  | Noticed Kirke
 35759 | Swamp:1  | Killed Kirke
 35848 | Swamp:1  | Reached skill level 21 in Shapeshifting
 36402 | Snake:3  | Bought a storm talisman for 960 gold pieces
 36402 | Snake:3  | Bought an amulet of guardian spirit for 360 gold pieces
 37170 | Swamp:3  | Reached XP level 19. HP: 131/131 MP: 23/25
 37235 | Swamp:3  | Noticed Bai Suzhen
 37243 | Swamp:3  | Killed Bai Suzhen
 37388 | Swamp:4  | Entered Level 4 of the Swamp
 37556 | Swamp:4  | Reached skill level 22 in Shapeshifting
 37759 | Swamp:4  | Noticed a bone dragon
 37768 | Swamp:4  | Killed a bone dragon
 37794 | Swamp:4  | Got a decaying rune of Zot
 38521 | Vaults:1 | Entered Level 1 of the Vaults
 38632 | Vaults:1 | Found Ximn's Jewellery Emporium.
 38682 | Vaults:1 | Bought a +4 ring of protection for 684 gold pieces
 39173 | Vaults:1 | Reached skill level 23 in Shapeshifting
 39417 | Vaults:1 | Identified the +3 ring mail of the Loofah {rC+++ Will-
                  | rCorr Int+5}
 39901 | Vaults:2 | Reached XP level 20. HP: 121/140 MP: 23/26
 40044 | Vaults:2 | Found a magical portal.
 40067 | WizLab   | Entered Zonguldrok's Shrine
 40445 | WizLab   | Noticed an antique champion
 40445 | WizLab   | Noticed an antique champion
 40448 | WizLab   | Killed an antique champion
 40465 | WizLab   | Killed an antique champion
 40669 | WizLab   | Got the Guidebook on Lamentation
 40781 | Vaults:2 | Identified the +10 chain mail of Jotalen {Int+4 Stlth+}
 41315 | Vaults:2 | Found a staircase to the Crypt.
 41728 | Vaults:3 | Noticed a golden dragon
 42003 | Vaults:3 | Noticed Mennas
 42016 | Vaults:3 | Killed a golden dragon
 42017 | Vaults:3 | Reached XP level 21. HP: 88/147 MP: 22/27
 42246 | Vaults:3 | Reached skill level 15 in Unarmed Combat
 42327 | Vaults:3 | Killed Mennas
 42493 | Vaults:3 | You are sucked into a shaft and drop 1 floor!
 43095 | Vaults:4 | Found Hoiwn's Magic Scroll Boutique.
 43126 | Vaults:4 | Bought a scroll of teleportation for 66 gold pieces
 43657 | Vaults:4 | Identified the +4 arbalest of Certain Death {penet, +Blink
                  | rC+ Int+2}
 44027 | Depths:1 | Entered Level 1 of the Depths
 44335 | Depths:1 | Found Jakoxak's Jewellery Boutique.
 44336 | Depths:1 | Found Timudd's Book Shoppe.
 44338 | Depths:1 | Found Dais's Jewellery Boutique.
 44372 | Depths:1 | Reached XP level 22. HP: 153/153 MP: 28/28
 44402 | Depths:1 | Noticed Saint Roka
 44415 | Depths:1 | Killed Saint Roka
 44466 | Depths:1 | Found Anno's Antique Armour Emporium.
 44760 | Depths:1 | Found a gateway to Hell.
 45120 | Depths:2 | Found a one-way gate leading to the halls of Pandemonium.
 45198 | Depths:2 | Found a radiant altar of Vehumet.
 45198 | Depths:2 | Found a one-way gate to the infinite horrors of the Abyss.
 45198 | Depths:2 | Noticed the Enchantress
 45206 | Depths:2 | Found a sparkling altar of Nemelex Xobeh.
 45553 | Depths:2 | Noticed a golden dragon
 45560 | Depths:2 | Killed a golden dragon
 45670 | Depths:2 | Found an ancient bone altar of Kikubaaqudgha.
 45760 | Depths:2 | Found Qatiton's Assorted Antiques.
 46053 | Depths:3 | Found a blossoming altar of Fedhas.
 46260 | Depths:3 | Found Varainim's Jewellery Boutique.
 46290 | Depths:3 | Reached skill level 15 in Dodging
 46459 | Depths:3 | Noticed a caustic shrike
 46467 | Depths:3 | Killed a caustic shrike
 46470 | Depths:3 | Reached skill level 10 in Evocations
 46475 | Depths:3 | Noticed a dread lich
 46479 | Depths:3 | Killed a dread lich
 46506 | Depths:3 | Reached XP level 23. HP: 147/158 MP: 29/29
 46846 | Depths:3 | Noticed a golden dragon
 46848 | Depths:3 | Noticed a golden dragon
 46848 | Depths:3 | Noticed a juggernaut
 46860 | Depths:3 | Killed a golden dragon
 46866 | Depths:3 | Killed a juggernaut
 46868 | Depths:3 | Killed a golden dragon
 47023 | Depths:3 | Identified the +6 short sword of Gallantry {spect, Str+2}
 47025 | Depths:3 | Identified the +2 orcbow of Gluttony {heavy, rElec rF-
                  | SInv}
 47030 | Depths:3 | Got Sif Muna's Catalogue of the Vexing Mortuary
 47108 | Depths:3 | Noticed Norris
 47116 | Depths:3 | Killed Norris
 47419 | Depths:4 | Entered Level 4 of the Depths
 47821 | Depths:4 | Noticed a golden dragon
 47828 | Depths:4 | Killed a golden dragon
 47850 | Depths:4 | Found a gate to the Realm of Zot.
 47998 | Depths:4 | Identified the +1 shortbow of Xoucohaose {elec, rN+}
 48028 | Depths:4 | Found a one-way gateway to a ziggurat.
 48281 | Depths:4 | Identified the +2 cloak of the Grey Skies {-Cast Regen+
                  | Str+2}
 48353 | Depths:4 | Found a corrupted altar of Lugonu.
 48852 | Vaults:5 | Entered Level 5 of the Vaults
 48878 | Vaults:5 | Identified the +2 short sword of the Sheltering Gods
                  | {heavy, rElec rF+ rC+}
 48911 | Vaults:5 | Identified the +9 great sword "Huch" {chaos, rN+ Stlth+}
 49054 | Vaults:5 | Noticed Sojobo
 49066 | Vaults:5 | Killed Sojobo
 49079 | Vaults:5 | Reached XP level 24. HP: 164/164 MP: 28/29
 49159 | Vaults:5 | Reached skill level 24 in Shapeshifting
 49170 | Vaults:5 | Identified the staff of the Hammering Gods {rC+ Earth}
 49181 | Vaults:5 | Got a silver rune of Zot
 49642 | Vaults:5 | Reached skill level 25 in Shapeshifting
 49653 | Vaults:5 | Identified the amulet of Myiwk {rN+ Regen+ Str+5 Dex+4}
 49752 | Vaults:5 | Identified the +6 arbalest of Fimbulwinter {heavy, rPois
                  | Dex+4}
 49752 | Vaults:5 | Identified the +11 short sword of a volcano {flame, rElec
                  | Will- Str+3 Int+3}
 49944 | Vaults:5 | Identified the +5 flail of War {protect, rElec SInv}
 50665 | Orc:2    | Bought a scroll of revelation for 127 gold pieces
 51043 | Zot:1    | Entered Level 1 of the Realm of Zot
 52066 | Zot:1    | Reached XP level 25. HP: 157/170 MP: 29/29
 52070 | Zot:1    | Reached skill level 26 in Shapeshifting
 52376 | Zot:1    | Noticed a Killer Klown
 52393 | Zot:1    | Killed a Killer Klown
 52412 | Zot:1    | Reached skill level 27 in Shapeshifting
 52519 | Zot:1    | Identified the ring "Hinoompoikk" {rC+ Will+}
 52949 | Zot:2    | Acquired 668 gold pieces
 53384 | Zot:2    | Noticed a Killer Klown
 53386 | Zot:2    | Noticed a Killer Klown
 53401 | Zot:2    | Killed a Killer Klown
 53405 | Zot:2    | Killed a Killer Klown
 53618 | Zot:3    | Reached XP level 26. HP: 87/179 MP: 25/29
 53846 | Zot:4    | Identified the +5 chain mail "Manick" {Str+4}
 54052 | Zot:3    | Identified the +4 whip "Killer Bee's Peril" {flame, rF+ rN+
                  | Will+}
 54956 | Zot:5    | Entered Level 5 of the Realm of Zot
 55414 | Zot:5    | Noticed a dread lich
 55418 | Zot:5    | Killed a dread lich
 55442 | Zot:5    | Gained mutation: You expend magic power (3 MP) to
                  | strengthen your wands. [mutagenic glow]
 55444 | Zot:5    | Noticed a Killer Klown
 55447 | Zot:5    | Killed a Killer Klown
 55451 | Zot:5    | Noticed an ancient lich
 55451 | Zot:5    | Noticed an orb of fire
 55452 | Zot:5    | Noticed an orb of fire
 55453 | Zot:5    | Noticed a dread lich
 55454 | Zot:5    | Gained mutation: You occasionally lose the ability to read
                  | scrolls when taking damage. [an orb of fire]
 55459 | Zot:5    | Killed an orb of fire
 55461 | Zot:5    | Noticed an orb of fire
 55463 | Zot:5    | Noticed an ancient lich
 55465 | Zot:5    | Gained mutation: Your muscles are strong. (Str +4, Int/Dex
                  | -1) [mutagenic glow]
 55473 | Zot:5    | Got the Orb of Zot
 55479 | Zot:5    | Noticed a dread lich
 55479 | Zot:5    | Noticed a Killer Klown
 55479 | Zot:5    | Noticed a dread lich
 55479 | Zot:5    | Noticed an ancient lich
 55479 | Zot:5    | Noticed a Killer Klown
 55479 | Zot:5    | Noticed a Killer Klown
 55485 | Zot:5    | Noticed an ancient lich
 56113 | D:1      | gg
 56115 | D:$      | Escaped with the Orb!

Illustrated notes

## #.##
########.##
#vR.......##
#.#.#.####.##
#.#.#|# ##.##
#.#.#.# ##.##
#.#.#.#
##.####
#.#.#.#
##....
#.#.#.# #....
#.#.#.# #....
#.#.#.# #....


Turn 56113 on D:1: gg

Levels and vault maps discovered:
D:1:      wheals_arrival_linesprint, layout_rooms, minmay_octomino_j4
D:2:      layout_loops_ring, grunt_ministairs_3, skrybe_limestone_x
D:3:      layout_basic, amcnicky_altar_gilded
D:4:      layout_basic, nicolae_qazlal_beasts_of_the_sky, minmay_close_crescents
D:5:      layout_loops_ring, mainiacjoe_overflow_catwalk, temple_pool_b,
          hangedman_decor_lopped, small_statue_intersection
D:6:      layout_cave_pools, mainiacjoe_overflow_brackets,
          amcnicky_mini_corridor_feature, uniq_menkaure, uniq_maggie
D:7:      layout_loops_ring, lemuel_tele_altar, minivault_11,
          corexii_item_surrounded_by_moat, chequers_serial_rivers_micro_c,
          minmay_misc_feat_five
D:8:      layout_basic, mainiacjoe_overflow_surrounded_room,
          mainiacjoe_overflow_concentric_impassable, hangedman_decor_push
D:9:      layout_basic, kennysheep_mini_moat
D:10:     minmay_shrinking_squares, layout_small_grid,
          nicolae_dithmenos_through_a_glass_darkly, kennysheep_little_box,
          lair_entry_dummy, minmay_orc_entry_guard_dogs,
          gammafunk_ghost_cemetery, nicolae_guarded_unrand_slippers, uniq_harold
D:11:     layout_irregular_city, uniq_erolcha
D:12:     layout_irregular_city, gammafunk_ghost_fury_of_okawaru,
          serial_column_ruins, column_ruins_hut_water, column_ruins_grid_1,
          column_ruins_corridor_water, column_ruins_corridor_water,
          column_ruins_grid_2, eat_drink_and_be_merry_uskayaw
D:13:     layout_irregular_city, david_vaults_5
D:14:     layout_roguey, infiniplex_staircase_x, minivault_5
D:15:     hangedman_depths_entry_civil_slaughter, layout_irregular_city,
          portal_ice_cave_entry_pillars_four
Temple:   nicolae_temple_x_marks_the_god
Lair:1:   layout_gridlike, gauntlet_entry_generic,
          nicolae_volcano_entry_batcave, grunt_megastairs_2,
          infiniplex_staircase_pool_2, lemuel_fruit_fields
Lair:2:   layout_hall_layers, minmay_stone_trees_medium,
          kennysheep_abandoned_house
Lair:3:   layout_cellular_growth, mainiacjoe_swamp_entry_lozenge_pond,
          alex1729_snake_entry_snake, nicolae_lair_run_with_the_wolves,
          uniq_urug
Lair:4:   layout_loops_ring, dpeg_slime_entry_corner, wad_woods_road_02,
          eino_house_with_fridge, serial_bayou_shore_b
Lair:5:   minmay_lair_end_enchanted_forest, layout_concentric_octagons,
          grunt_megastairs_4
Swamp:1:  layout_basic_swamp, evilmike_swamp_ruin_rubble_2, swamp_pool_3,
          uniq_donald, uniq_kirke
Swamp:2:  layout_basic_swamp, nicolae_swamp_big_swirl, swamp_pool_3,
          hangedman_swamp_double_dragon
Swamp:3:  layout_basic_swamp, nicolae_swamp_ascending_descending_big,
          uniq_bai_suzhen
Swamp:4:  swamp_pestilence, layout_basic_swamp
Snake:1:  layout_onion, drop_trap, serial_bayou_ford_a,
          nicolae_snake_flat_spine, serial_bayou_pond_a, grunt_megastairs_3,
          uniq_aizul
Snake:2:  layout_misc_corridors
Snake:3:  cheibrodos_forgotten_conduit, layout_gridlike, serial_shops,
          nicolae_shop_trees
Snake:4:  snake_pit_salamanders_mu, layout_cave_town, serial_shops,
          nicolae_shop_rolling_square, minmay_shoptagon, uniq_vashnia
Orc:1:    lemuel_ogre_cave, layout_diamond_mine, serial_shops,
          nicolae_shop_mannequins, basic_altar, nicolae_shop_firing_range
Orc:2:    kennysheep_orc_mage_school, layout_caves, nicolae_orc_crystal_geode
Vaults:1: nicolae_vaults_apartment_1, nicolae_vaults_ninety_degrees, v_misc_9,
          nicolae_vaults_network_square, hangedman_vaults_impose,
          nicolae_vaults_twisting_passages, nicolae_vaults_frosty_reception,
          nicolae_vaults_circle_grid_b, nicolae_vaults_door_testing_chamber,
          v_alt_pattern_3, nicolae_vaults_trapezoid_3,
          nicolae_vaults_little_squares_3, nicolae_vaults_tetromino_T_1,
          layout_vaults_big_cross, serial_shops, nicolae_shop_gaudy_bauble
Vaults:2: lightli_enter_wizlab_magi_temple, minmay_crypt_entry_simple_box,
          grunt_vaults_hallway_long, nicolae_vaults_triangles, v_pattern_4,
          nicolae_vaults_house_1, vaults_room_hallway, vaults_dpeg_encased_lava,
          nicolae_vaults_enemy_cabinets, v_misc_16,
          nicolae_vaults_cornered_office, nicolae_vaults_weapon_check,
          nicolae_vaults_surprise_closet, layout_vaults_chaotic_city
Vaults:3: hangedman_vaults_trim, st_quartered_hall,
          nicolae_vaults_little_squares_5, vaults_mumra_hex,
          nicolae_vaults_storage_room_statues, vaults_dpeg_emergency_exit,
          v_misc_3, nicolae_vaults_hallways_thing, nicolae_vaults_angled_halls,
          hangedman_vaults_stretched_pinwheel, v_misc_10, layout_vaults_ring,
          uniq_mennas
Vaults:4: nicolae_whirlpool, v_misc_29, hangedman_vaults_hat,
          ontoclasm_vaults_shuriken, v_rooms_2, nicolae_vaults_more_shelving_2,
          nicolae_vaults_yaktaur_gun_rack, nicolae_vaults_hexular_roomagon,
          v_pattern_3, ontoclasm_vaults_misaligned, vaults_room_large_hall,
          nicolae_vaults_rhombus_6, vaults_dpeg_doors, layout_vaults_omnibox,
          serial_shops, nicolae_shop_trees
Vaults:5: uniq_sojobo
Depths:1: layout_cave_pools, grunt_hell_entry_dis_grunt, serial_shops,
          nicolae_shop_real_fake_doors, chequers_serial_rivers_room_b,
          serial_library_hellmonk_room_b, patterned_corridor, minmay_shop_grove,
          uniq_saint_roka
Depths:2: grunt_forest_end_shrine, layout_gridlike, abyss_entry, hell_entry,
          serial_shops, shop, rand_demon_pan_entry_3, lemuel_round_altar,
          nemelex_spade_bored_becter, minmay_staircase_statues
Depths:3: little_maze_vault, layout_gridville, fedhas_altar_fruit_tree,
          abyss_entry, hell_entry, serial_shops, shop, rand_demon_pan_entry_5,
          minmay_misc_feat_columns, firewood_loft,
          minmay_staircase_statues_hall_small, uniq_norris, uniq_margery
Depths:4: grunt_bruiser_brothers, layout_cave_shapes, enter_ziggurat_a,
          abyss_entry_flame_altar, grunt_metal_band, serial_column_ruins,
          column_ruins_hut, column_ruins_square_medium, column_ruins_open_tiny,
          column_ruins_corridor_straight, column_ruins_open_tiny,
          column_ruins_open_tiny, hangedman_decor_opposing
Zot:1:    layout_basic, hangedman_zot_spectrum, grunt_megastairs_5
Zot:2:    circus_mu, layout_basic
Zot:3:    layout_basic
Zot:4:    layout_onion, regret_index_zotdec_twisting_globes
Zot:5:    layout_gridlike

Skill      XL: |  1  2  3  4  5  6  7  8  9 10 11 12 13 14 15 16 17 18 19 20 21 22 23 24 25 26 |
---------------+-------------------------------------------------------------------------------+-----
Fighting       | 2 3 5 8 9 10 11 14 15 17 18 19 20 21 24 | 24.0
Stealth        | 2 |  2.0
Unarmed Combat | 4 5 6 7 10 11 12 13 14 18 20 | 20.0
Shapeshifting  | 4 5 7 9 10 11 12 15 16 19 21 23 25 27 | 27.0
Dodging        | 3 5 6 8 11 14 15 17 | 17.9
Evocations     | 1 4 7 10 14 | 14.0
Invocations    | 3 8 |  8.0

Action                     |  1- 3 |  4- 6 |  7- 9 | 10-12 | 13-15 | 16-18 | 19-21 | 22-24 | 25-27 || total
---------------------------+-------+-------+-------+-------+-------+-------+-------+-------+-------++-------
  Melee: Unarmed           |    67 |   108 |   140 |   341 |   729 |   641 |   694 |   763 |   379 ||  3862
         Constrict         |    20 |    26 |    32 |    63 |   120 |    10 |       |       |       ||   271
         Tentacles         |    17 |    23 |    43 |   116 |   256 |    17 |       |       |       ||   472
         Punch             |     3 |     4 |     2 |       |       |    61 |    96 |   123 |    48 ||   337
         Tailslap          |       |       |       |       |       |   104 |    43 |       |       ||   147
         Bite              |       |       |       |       |       |    70 |    21 |       |       ||    91
 Invoke: Ancestor Identity |       |       |     1 |       |       |       |       |       |       ||     1
         Recall Ancestor   |       |       |     2 |     8 |     4 |     4 |     2 |     1 |     3 ||    24
         Ancestor Life: Ba |       |       |       |     1 |       |       |       |       |       ||     1
         Idealise          |       |       |       |       |     1 |     3 |     2 |     3 |     5 ||    14
Ability: Blinkbolt         |       |       |       |       |       |       |     1 |     2 |     1 ||     4
  Evoke: Wand              |       |       |    32 |    13 |     5 |       |     6 |     4 |       ||    60
         Phantom mirror    |       |       |       |       |     1 |       |     1 |     1 |       ||     3
         Phial of floods   |       |       |       |       |     1 |       |     1 |       |       ||     2
    Use: Scroll            |     3 |     4 |     7 |     7 |     9 |     2 |     4 |     3 |    16 ||    55
         Potion            |       |     1 |     3 |     6 |     1 |       |       |     2 |     3 ||    16
   Stab: Sleeping          |    11 |     8 |       |     2 |       |    10 |     3 |       |     1 ||    35
         Distracted        |       |     2 |     3 |     4 |    13 |    12 |    24 |    18 |    11 ||    87
         Invisible         |       |       |       |       |       |       |       |     9 |       ||     9
 Armour: Skin              |    25 |    28 |    53 |   118 |   251 |   415 |   236 |   128 |    96 ||  1350
  Dodge: Dodged            |    22 |    60 |   125 |   373 |   868 |   529 |   838 |   917 |   604 ||  4336
  Block: Other             |       |       |       |       |       |     9 |       |       |       ||     9
         Reflection        |       |       |       |       |       |     1 |       |       |       ||     1
   Form: Flux              |       |       |     1 |       |       |       |       |       |       ||     1
         Dragon            |       |       |       |       |       |     1 |       |       |       ||     1
         Storm             |       |       |       |       |       |       |     1 |       |       ||     1

Table legend: (Time is in decaauts)
 A = Elapsed time spent in this place.
 B = Non-inter-level travel time spent in this place.
 C = Inter-level travel time spent in this place.
 D = Time resting spent in this place.
 E = Time spent auto-exploring this place.
 F = Levels seen in this place.
 G = Mean time per level.
                   A        B        C        D        E       F      G
               +--------+--------+--------+--------+--------+-----+--------+
         Total |  55194 |  48531 |   6663 |  10170 |  25675 |  48 | 1149.9 |
       Dungeon |  20618 |  17620 |   2998 |   3742 |   9412 |  15 | 1374.5 |
        Temple |     10 |     10 |      0 |      0 |      0 |   1 |   10.0 |
          Lair |   6752 |   6046 |    706 |   1683 |   3009 |   5 | 1350.4 |
         Swamp |   3092 |   2856 |    236 |    637 |   1475 |   4 |  773.0 |
     Snake Pit |   6320 |   5982 |    338 |   2392 |   2242 |   4 | 1580.0 |
  Orcish Mines |   2213 |   1882 |    331 |    249 |   1194 |   2 | 1106.5 |
        Vaults |   6284 |   5495 |    789 |    609 |   3161 |   5 | 1256.8 |
        Depths |   4998 |   4048 |    950 |    349 |   2657 |   4 | 1249.5 |
           Zot |   3648 |   3335 |    313 |    159 |   2191 |   5 |  729.6 |
      Ice Cave |      5 |      5 |      0 |      0 |      0 |   1 |    5.0 |
        Wizlab |    664 |    664 |      0 |    330 |     59 |   1 |  664.0 |
      Gauntlet |    584 |    584 |      0 |     19 |    275 |   1 |  584.0 |
               +--------+--------+--------+--------+--------+-----+--------+

Top non-repeatable levels by time:
 Snake:4: 2428 daAuts
     D:4: 2120 daAuts
  Lair:3: 2079 daAuts
     D:5: 2018 daAuts
 Snake:3: 1953 daAuts
     D:7: 1839 daAuts
    D:13: 1799 daAuts
    D:10: 1732 daAuts
     D:8: 1693 daAuts
     D:9: 1555 daAuts
Depths:3: 1524 daAuts
Vaults:4: 1443 daAuts
   Orc:2: 1441 daAuts
  Lair:4: 1371 daAuts
Vaults:2: 1333 daAuts
